 Dungeon Crawl Stone Soup version 0.30-a0-586-g23e55c9e0a (webtiles) character file.

Game seed: 12739132874249498656

1661 bmack86 the Cleaver (level 8, -4/71 HPs)
             Began as a Minotaur Fighter on Jan 3, 2023.
             Splashed by a brown ugly thing's acid (7 damage)
             ... on level 7 of the Dungeon.
             The game lasted 00:14:48 (5259 turns).

bmack86 the Cleaver (Minotaur Fighter)              Turns: 5259, Time: 00:14:49

Health: -4/71      AC: 10    Str: 23    XL:     8   Next: 69%
Magic:  7/7        EV: 12    Int:  5    God:
Gold:   301        SH: 10    Dex: 10    Spells: 7/7 levels left

rFire   . . .      SeeInvis .    a - +1 war axe
rCold   + . .      Faith    .    c - +0 buckler
rNeg    . . .      Spirit   .    t - +0 chain mail
rPois   .          Reflect  +    (helmet restricted)
rElec   .          Harm     .    (no cloak)
rCorr   .          Rampage  .    (no gloves)
Will    .....                    (no boots) Stlth
                                 g - amulet of reflection
HPRegen 0.31/turn                d - +5 ring of evasion
MPRegen 0.10/turn                s - ring of protection from cold

@: no status effects
A: horns 2, retaliatory headbutt
a: no special abilities


You were on level 7 of the Dungeon.
You visited 1 branch of the dungeon, and saw 7 of its levels.

You collected 301 gold pieces.

Inventory:

Hand Weapons
 a - a +1 war axe (weapon)
Missiles
 j - a throwing net
 x - 6 poisoned darts (quivered)
Armour
 b - a +0 scale mail
 c - a +0 buckler (worn)
 t - a +0 chain mail (worn)
Jewellery
 d - a +5 ring of evasion (left hand)
 g - an amulet of reflection (around neck)
 s - a ring of protection from cold (right hand)
Wands
 m - a wand of paralysis (15)
 q - a wand of polymorph (10)
Potions
 e - 2 potions of ambrosia
 f - 5 potions of flight
 h - a potion of curing
 i - a potion of degeneration
 k - a potion of heal wounds
 l - a potion of resistance
 n - a potion of lignification
 o - 2 potions of cancellation
 p - 2 potions of brilliance
 u - a potion of mutation {unknown}
 v - a potion of berserk rage {unknown}


   Skills:
 + Level 6.6 Fighting
 * Level 8.1 Axes
 + Level 4.1 Throwing
 + Level 6.5 Armour
 + Level 6.4 Shields


You had 7 spell levels left.
You didn't know any spells.
Your spell library contained the following spells:

 Spells                   Type           Power      Damage    Failure   Level
 Kiss of Death            Conj/Necr      0%         2d5       99%         1
 Static Discharge         Conj/Air       0%         2-2/arc   100%        2
 Call Canine Familiar     Summ           0%         N/A       100%        3
 Confusing Touch          Hex            0%         N/A       100%        3
 Portal Projectile        Hex/Tloc       0%         N/A       100%        3
 Vhi's Electric Charge    Tloc/Air       0%         N/A       100%        3
 Dispel Undead            Necr           0%         3d6       100%        4
 Leda's Liquefaction      Hex/Erth       0%         N/A       100%        4
 Arcjolt                  Conj/Air       0%         1d10      100%        5
 Lightning Bolt           Conj/Air       0%         1d11      100%        5


Dungeon Overview and Level Annotations

Branches:
Dungeon (7/15)
 Temple: D:4-7

Altars:
Cheibriados
Dithmenos
Elyvilon
Makhleb
Nemelex Xobeh
Xom
Zin

Shops:
D:4 (   D:5 :


Innate Abilities, Weirdness & Mutations

You have a pair of horns on your head.
You reflexively headbutt those who attack you in melee.


Message History

The brown ugly thing pecks you.
You are splashed with acid.
* * * LOW HITPOINT WARNING * * *
Okay, then.
As you read the scroll of teleportation, it crumbles to dust.
You feel strangely unstable.
You block the brown ugly thing's attack.
The brown ugly thing attacks as you move away!
The brown ugly thing pecks you.
* * * LOW HITPOINT WARNING * * *
You are splashed with acid!
* * * LOW HITPOINT WARNING * * *
The brown ugly thing attacks as you move away!
The brown ugly thing pecks you but does no damage.
Your surroundings suddenly seem different.
Found a runed spear and 17 gold pieces.
Found a stone staircase leading down.
Found a quarterstaff.
A killer bee comes into view.
You now have 301 gold pieces (gained 17).
You start resting.
A brown ugly thing is nearby!
The brown ugly thing pecks you but does no damage.
The brown ugly thing attacks as you move away!
You block the brown ugly thing's attack.
Found a robe.
The brown ugly thing pecks you.
You are splashed with acid!
You closely miss the brown ugly thing. The brown ugly thing pecks you.
You are splashed with acid!
You barely miss the brown ugly thing.
You headbutt the brown ugly thing, but do no damage.
The brown ugly thing pecks you!
You are splashed with acid!
You closely miss the brown ugly thing. The brown ugly thing pecks you!
* * * LOW HITPOINT WARNING * * *
You are splashed with acid!
* * * LOW HITPOINT WARNING * * *
You hit the brown ugly thing.
The brown ugly thing is lightly wounded.
The brown ugly thing pecks you!
* * * LOW HITPOINT WARNING * * *
You are splashed with acid!
You die...

##................# .
#.................## #..
...................#....
#.................)..#
#...............##.#
##.....###.........#
##................#
##.u..............#
#.@................
+.......#.#........
#..)......#.....>..
#..................
..................#
........... ....[...#..
......#.####


You could see a brown ugly thing.

Vanquished Creatures
  Eustachio (D:5)
  A water moccasin (D:7)
  4 black bears
  An ogre (D:5)
  An orc warrior (D:5)
  A phantom (D:6)
  3 necrophages
  2 scorpions
  4 hounds
  2 jellies
  An orc priest (D:5)
  An iguana (D:3)
  2 orc wizards
  9 adders
  2 shadow imps
  A white imp (D:7)
  An ufetubus (D:7)
  5 worms
  3 dart slugs
  11 orcs
  9 endoplasms
  2 giant cockroaches
  5 goblins
  7 hobgoblins
  7 jackals
  5 quokkas
  11 ball pythons
  5 bats
  4 frilled lizards
  5 kobolds
  4 rats
120 creatures vanquished.

Vanquished Creatures (others)
  2 plants (D:1)
2 creatures vanquished.

Grand Total: 122 creatures vanquished

Notes
Turn   | Place    | Note
-------+----------+-------------------------------------------
     0 | D:1      | bmack86 the Minotaur Fighter began the quest for the Orb.
     0 | D:1      | Reached XP level 1. HP: 19/19 MP: 0/0
   145 | D:1      | Reached XP level 2. HP: 27/27 MP: 1/1
   155 | D:1      | Reached skill level 3 in Axes
   629 | D:2      | Reached XP level 3. HP: 33/33 MP: 2/2
   937 | D:2      | Reached XP level 4. HP: 40/40 MP: 3/3
  1242 | D:2      | Found a faded altar of an unknown god.
  1509 | D:3      | Reached skill level 4 in Axes
  1509 | D:3      | Reached skill level 1 in Throwing
  1568 | D:3      | You fall into a shaft and drop 2 floors!
  1568 | D:5      | Entered Level 5 of the Dungeon
  1581 | D:5      | Found a white marble altar of Elyvilon.
  1593 | D:5      | Noticed an ogre
  1604 | D:5      | Killed an ogre
  1605 | D:5      | Reached XP level 5. HP: 31/47 MP: 4/4
  1797 | D:5      | Noticed Eustachio
  1819 | D:5      | Killed Eustachio
  1820 | D:5      | Reached skill level 5 in Fighting
  1820 | D:5      | Reached skill level 5 in Axes
  1820 | D:5      | Reached XP level 6. HP: 28/56 MP: 5/5
  1840 | D:5      | Reached skill level 5 in Armour
  1840 | D:5      | Reached skill level 5 in Shields
  1946 | D:5      | Found Botef's Book Emporium.
  1991 | D:5      | Noticed an orc warrior
  2002 | D:5      | Killed an orc warrior
  2003 | D:5      | Reached XP level 7. HP: 35/61 MP: 6/6
  2132 | D:5      | Found a shadowy altar of Dithmenos.
  2132 | D:5      | Found a sparkling altar of Nemelex Xobeh.
  2132 | D:5      | Found a burning altar of Makhleb.
  2134 | D:5      | Found a snail-covered altar of Cheibriados.
  2204 | D:5      | Reached skill level 6 in Axes
  3125 | D:4      | Found Erchiubi's Antique Weapon Emporium.
  3577 | D:4      | Reached XP level 8. HP: 70/70 MP: 7/7
  3646 | D:3      | Reached skill level 7 in Axes
  4706 | D:6      | Found a shimmering altar of Xom.
  4947 | D:6      | Found a glowing silver altar of Zin.
  4947 | D:6      | Noticed an angel
  4983 | D:7      | Reached skill level 8 in Axes
  5058 | D:7      | Noticed a brown ugly thing
  5259 | D:7      | HP: 3/71 [brown ugly thing (10)]
  5259 | D:7      | Splashed by a brown ugly thing's acid

Illustrated notes

Levels and vault maps discovered:
D:1:      lightli_arrival_windingriver, layout_basic
D:2:      layout_basic, ebering_ecumenical_altar_webs,
          kennysheep_cross_bottleneck
D:3:      kennysheep_six_static_rooms, layout_basic
D:4:      layout_loops_corners, nicolae_stop_n_shop_2
D:5:      layout_loops_ring, elyvilon_altar_1,
          chequers_temple_overflow_statue_of_worship, serial_shops,
          nicolae_shop_advertising_works [nicolae_subvault_shop_adworks],
          kennysheep_generic_room_13, uniq_eustachio
D:6:      layout_basic, lemuel_doored_altar, zin_angel, feat_on_display
D:7:      layout_cave_pools, minmay_temple_entry_junction, serial_shops,
          nicolae_shop_window_shopping, dk_noncrumbling_3,
          chequers_serial_rivers_micro_d, grunt_ministairs_12

Skill      XL: |  1  2  3  4  5  6  7  8 |
---------------+-------------------------+-----
Axes           | 3 4 5 6 8 |  8.1
Fighting       | 4 5 6 |  6.6
Armour         | 4 5 6 |  6.5
Shields        | 4 5 6 |  6.4
Throwing       | 1 2 3 4 |  4.1

Action                   |  1- 3 |  4- 6 |  7- 9 || total
-------------------------+-------+-------+-------++-------
Melee: War axe           |    89 |    74 |   143 ||   306
       Headbutt          |     9 |    11 |    32 ||    52
Throw: Dart              |       |       |     2 ||     2
  Use: Scroll            |     2 |     3 |    10 ||    15
       Potion            |       |     1 |       ||     1
Armor: Scale mail        |    51 |    29 |    23 ||   103
       Chain mail        |       |       |    24 ||    24
Dodge: Dodged            |    50 |    61 |    96 ||   207
Block: Buckler           |    25 |    17 |    65 ||   107

Table legend: (Time is in decaauts)
 A = Elapsed time spent in this place.
 B = Non-inter-level travel time spent in this place.
 C = Inter-level travel time spent in this place.
 D = Time resting spent in this place.
 E = Time spent auto-exploring this place.
 F = Levels seen in this place.
 G = Mean time per level.
                   A        B        C        D        E       F      G
               +--------+--------+--------+--------+--------+-----+--------+
         Total |   5342 |   5244 |     98 |    348 |   2982 |   7 |  763.1 |
       Dungeon |   5342 |   5244 |     98 |    348 |   2982 |   7 |  763.1 |
               +--------+--------+--------+--------+--------+-----+--------+

Top non-repeatable levels by time:
     D:5: 1288 daAuts
     D:2: 866 daAuts
     D:4: 860 daAuts
     D:3: 732 daAuts
     D:6: 702 daAuts
     D:1: 605 daAuts
     D:7: 287 daAuts
